 Dungeon Crawl Stone Soup version 0.17-a0-1468-gbf503c2 (webtiles) character file.

11 patman the Grasshopper (level 2, -1/19 HPs)
             Began as an Octopode Warper on July 1, 2015.
             Slain by a kobold
             ... wielding a +0 dagger
              (2 damage)
             ... on level 1 of the Dungeon.
             The game lasted 00:02:52 (679 turns).

patman the Grasshopper (Octopode Warper)             Turns: 679, Time: 00:02:52

Health: -1/19      AC:  1    Str: 10    XL:     2   Next: 29%
Magic:  5/5        EV: 12    Int: 15    God:
Gold:   71         SH:  0    Dex: 11    Spells: 1 memorised, 4 levels left

rFire  . . .     SeeInvis .     a - +0 mace
rCold  . . .     Clarity  .     (no shield)
rNeg   . . .     SustAt   .     (helmet restricted)
rPois  +         Gourm    .     (no amulet)
rElec  .         Spirit   .     g - ring of poison resistance
rCorr  .         Warding  .     m - ring of loudness (curse)
rMut   .         Stasis   .     (no ring)
MR     .....                    (no ring)
Stlth  +.........               (no ring)
                                (no ring)
                                (no ring)
                                (no ring)

@: not resistant to hostile enchantments, very unstealthy
A: almost no armour, amphibious, 8 rings, constrict 8, camouflage 1, gelatinous
body 1
a: no special abilities


You were on level 1 of the Dungeon.
You were not hungry.

You visited 1 branch of the dungeon, and saw 1 of its levels.

You collected 71 gold pieces.

Inventory:

Hand weapons
 a - a +0 mace (weapon)
Missiles
 d - 5 tomahawks of dispersal (quivered)
 h - 23 stones
Jewellery
 g - a ring of poison resistance (left tentacle)
 m - a cursed ring of loudness (right tentacle)
Scrolls
 c - a scroll of blinking
 j - a scroll of remove curse {unknown}
 k - a scroll of recharging {unknown}
 o - a scroll of immolation {unknown}
Potions
 f - a potion of brilliance {unknown}
 l - a potion of heal wounds {unknown}
 n - a potion of flight {unknown}
Books
 b - a book of Spatial Translocations

   Spells                             Type                      Level
   a - Apportation                    Translocation                1
   b - Blink                          Translocation                2
   c - Shroud of Golubria             Charms/Translocation         2
   d - Portal Projectile              Translocation                3
   e - Teleport Other                 Translocation                3
   f - Passage of Golubria            Translocation                4
Comestibles
 e - a bread ration
 i - a slice of pizza


   Skills:
 - Level 2.0 Fighting
 + Level 2.9 Maces & Flails
 - Level 1.0 Throwing
 - Level 2.3 Dodging
 - Level 2.0 Spellcasting
 - Level 3.0 Translocations


You had 4 spell levels left.
You knew the following spells:

 Your Spells              Type           Power        Failure   Level  Hunger
a - Apportation           Tloc           ##........   8%          1    #......


Dungeon Overview and Level Annotations

Branches:
Dungeon (1/15)

Altars:


Innate Abilities, Weirdness & Mutations

You cannot wear most types of armour.
You are amphibious.
You can wear up to eight rings at the same time.
You can use your tentacles to constrict eight enemies at once.
Your skin changes colour to match your surroundings (Stealth).
Your rubbery body absorbs attacks (AC +1).


Message History

The bat hits you.
* * * LOW HITPOINT WARNING * * *
You barely miss the goblin.
The goblin is severely wounded.
You constrict the goblin. The bat barely misses you.
The kobold throws a stone.
The stone barely misses you. The goblin hits you.
* * * LOW HITPOINT WARNING * * *
The goblin closely misses you.
Unknown command.
You hit the goblin.
You kill the goblin!
Unknown command.
You closely miss the bat. Your grab misses the bat. The bat closely misses you.
The kobold hits you but does no damage.
Quiver which item? (- for none, * to show all) (? for menu, Esc to quit)
Quivering
d - 5 tomahawks of dispersal for throwing.
The bat closely misses you. The bat hits you.
* * * LOW HITPOINT WARNING * * *
The kobold hits you with a dagger.
You die...

#.#.#....#
######.#'######
#.........#
#.#####...####### #
###...##....#
#.###....###....#
#..........#....#####
#..........#.K.......
#..........#.@...#
#..........(.b...#
#.....#####(.....#
###### #......#
.......# ###.....#
#.....# #.......
##+#.#.


You could see a bat and a kobold.

Vanquished Creatures
  A giant gecko (D:1)
  2 giant cockroaches (D:1)
  A hobgoblin (D:1)
  2 bats (D:1)
  2 goblins (D:1)
  2 rats (D:1)
10 creatures vanquished.

Notes
Turn   | Place    | Note
--------------------------------------------------------------
     0 | D:1      | patman the Octopode Warper began the quest for the Orb.
     0 | D:1      | Reached XP level 1. HP: 14/14 MP: 3/3
   460 | D:1      | Reached XP level 2. HP: 17/19 MP: 5/5
   679 | D:1      | Slain by a kobold

Vault maps used:
D:1:      evilmike_arrival_rings, minmay_misc_feat_cross, ashenzari_altar_1

Action                   || total
-------------------------++-------
Melee: Mace              ||    25
Throw: Stone             ||     2
 Stab: Sleeping          ||     1
